 Dungeon Crawl Stone Soup version 0.31-a0-182-gc5ef74bbde (webtiles) character file.

Game seed: 3526976247758801726

46 qw the Chopper (level 3, 0/23 HPs)
             Began as a Gargoyle Fighter on June 20, 2023.
             Slain by a gnoll
             ... wielding a +0 flail
              (3 damage)
             ... on level 2 of the Dungeon.
             The game lasted 00:00:30 (761 turns).

qw the Chopper (Gargoyle Fighter)                    Turns: 761, Time: 00:00:31

Health: 0/23       AC: 11    Str: 21    XL:     3   Next: 66%
Magic:  3/3        EV:  9    Int:  8    God:
Gold:   61         SH:  4    Dex:  9    Spells: 2/2 levels left

rFire   . . .        Y - +0 war axe
rCold   . . .        c - +0 buckler
rNeg    + . .        b - +0 scale mail
rPois   inf          (no helmet)
rElec   +            (no cloak)
rCorr   .            e - +0 pair of gloves
SInv    .            (no boots)
Will    .....        (no amulet) Stlth
                     (no ring)
HPRegen 0.23/turn    (no ring)
MPRegen 0.08/turn

%: no passive effects
@: no status effects
A: sickness immunity, AC +3, negative energy resistance 1, electricity
resistance, torment resistance 1, petrification resistance
a: no special abilities


You were on level 2 of the Dungeon.
You visited 1 branch of the dungeon, and saw 2 of its levels.

You collected 61 gold pieces.


Innate Abilities, Weirdness & Mutations

You are immune to sickness and miasma.
Your stone body is resilient. (AC +3)
You are immune to poison.
You resist negative energy. (rN+)
You are resistant to electric shocks. (rElec)
You are resistant to unholy torment.
You are immune to petrification.


   Skills:
 - Level 3.2 Fighting
 + Level 3.5 Axes
 - Level 3.2 Armour
 - Level 3.2 Shields


You had 2 spell levels left.
You didn't know any spells.
Your spell library was empty.

Inventory:

Hand Weapons
 i - a +0 club
 Y - a +0 war axe (weapon)
Armour
 b - a +0 scale mail (worn)
 c - a +0 buckler (worn)
 e - a +0 pair of gloves (worn)
 l - a +0 pair of boots
Jewellery
 k - a ring of willpower
Potions
 a - a potion of mutation {unknown}
 d - a potion of might
 f - a potion of heal wounds {unknown}
 g - a potion of attraction {unknown}
 h - a potion of degeneration {unknown}
 j - a potion of lignification

Dungeon Overview and Level Annotations

Branches:
Dungeon (2/15)

Altars:
Makhleb

Shops:
D:1 (

Annotations:
D:2 Jessica


Message History

Enter note:
Enter note:
Enter note: You block the gnoll's attack.
Enter note:
Enter note:
Enter note: You block the gnoll's attack.
The gnoll closely misses you.
Enter note:
Enter note:
Enter note: You slash the gnoll!
You kill the gnoll!
You barely miss the gnoll. The gnoll hits you with a +0 spear.
The gnoll hits you but does no damage. The endoplasm barely misses you.
You barely miss the gnoll. You barely miss the endoplasm. You hit the gnoll.
The gnoll hits you with a +0 spear. The gnoll barely misses you.
The endoplasm misses you.
You barely miss the gnoll.
The gnoll is moderately wounded.
You slash the gnoll! You miss the frilled lizard. You slash the endoplasm!
You kill the endoplasm!
The frilled lizard bites you but does no damage.
The gnoll barely misses you. The gnoll hits you but does no damage.
Jessica mumbles some strange words.
Jessica seems to speed up.
You hit the gnoll.
The gnoll is almost dead.
You hit the gnoll. You hit the frilled lizard.
You kill the frilled lizard!
You block the gnoll's attack. The gnoll hits you with a +0 flail!
Jessica gestures wildly while chanting.
Jessica blinks!
You block the gnoll's attack. The gnoll hits you with a +0 flail.
You slash the gnoll!
You kill the gnoll!
You barely miss the gnoll. The gnoll hits you with a +0 flail.
You die...

#..#..##........#########
.....>...%...#..#
##..............#
.............#..#
#..............#
........@..#.##.#
##..##.#ยค###... .. #.
#.#g%# ###... # #.#@.# #
..#))# @l#..# .JS...#
...# ..... ....# ..####


You could see a gnoll and Jessica (fast).

Vanquished Creatures
  2 gnolls (D:2)
  An adder (D:2)
  6 ball pythons
  3 bats
  5 endoplasms
  4 hobgoblins (D:1)
  3 kobolds (D:1)
  3 frilled lizards
  2 rats (D:1)
29 creatures vanquished.

Notes
Turn   | Place    | Note
-------+----------+-------------------------------------------
     0 | D:1      | qw the Gargoyle Fighter began the quest for the Orb.
     0 | D:1      | Reached XP level 1. HP: 14/14 MP: 1/1
     0 | D:1      | 0 ||| qw: Version: 0.3-a-9-g12657ce
     0 | D:1      | 0 ||| qw: Game counter: 1494
     0 | D:1      | 0 ||| qw: Always use a shield: true
     0 | D:1      | 0 ||| qw: God list: Okawaru
     0 | D:1      | 0 ||| qw: Allow faded altars: false
     0 | D:1      | 0 ||| qw: Do Orc after D:15 true
     0 | D:1      | 0 ||| qw: Do second Lair branch before Depths: true
     0 | D:1      | 0 ||| qw: Lair rune preference: random
     0 | D:1      | 0 ||| qw: Plans: Normal, Zot:1-4, Slime:5, God:TSO, Crypt,
                  | Tomb, Abyss, Pan, Hells, Win
     0 | D:1      | 0 ||| PLANNING D:1-11
   119 | D:1      | Reached XP level 2. HP: 18/19 MP: 2/2
   139 | D:1      | Found a faded altar of an unknown god.
   161 | D:1      | Found Asaid's Antique Weapon Emporium.
   171 | D:1      | 171 ||| FLEEEEING.
   534 | D:1      | 534 ||| UPGRADING to +0 pair of gloves.
   539 | D:1      | 539 ||| DRINKING 2 smoky inky potions.
   618 | D:2      | Reached skill level 3 in Axes
   626 | D:2      | 626 ||| STAIRDANCE
   633 | D:1      | 633 ||| READING scroll labelled JOMAAG ESTORAI.
   680 | D:2      | Reached XP level 3. HP: 23/23 MP: 3/3
   683 | D:2      | Found a burning altar of Makhleb.
   751 | D:2      | 751 ||| Stepping ~*~*~tactically~*~*~ (stealth).
   751 | D:2      | Noticed Jessica
   752 | D:2      | 752 ||| Stepping ~*~*~tactically~*~*~ (hiding).
   760 | D:2      | HP: 3/23 [gnoll/+0 flail (5)]
   761 | D:2      | Slain by a gnoll

Levels and vault maps discovered:
D:1:      scummos_arrival_forest, layout_rooms, serial_shops,
          nicolae_diamond_shop, dreamdust_ecumenical_altar_hidden_monk_grotto,
          minmay_surrounded
D:2:      layout_loops_ring, basic_altar, uniq_jessica

Skill      XL: |  1  2 |
---------------+-------+-----
Axes           | 2 3 |  3.5
Fighting       | |  3.2
Armour         | |  3.2
Shields        | |  3.2

Action                     || total
---------------------------++-------
  Melee: War axe           ||    60
  Throw: Boomerang         ||     6
    Use: Scroll            ||     1
         Potion            ||     1
 Armour: Scale mail        ||    26
  Dodge: Dodged            ||    28
  Block: Buckler           ||    13

Table legend:
 A = Non-vault XP
 B = Vault XP
 C = Vault XP percentage of total XP
 D = Non-vault monster count
 E = Vault monster count
 F = Vault count percentage of total count
                 A         B        C        D         E       F
            +---------+---------+-------+---------+---------+-------
      Total |      74 |       6 |   7.5 |      25 |       4 |  13.8
            +---------+---------+-------+---------+---------+-------
        D:1 |      25 |       6 |  19.4 |      16 |       4 |  20.0
        D:2 |      49 |       0 |   0.0 |       9 |       0 |   0.0
            +---------+---------+-------+---------+---------+-------
